 Dungeon Crawl Stone Soup version 0.30-a0-377-g5cb311bc9f (webtiles) character file.

Game seed: 5274016056052439945

267 qeuew the Gusty (level 6, -1/32 HPs)
             Began as a Tengu Air Elementalist on Nov 28, 2022.
             Slain by Grinder (7 damage)
             ... on level 3 of the Dungeon.
             The game lasted 00:03:38 (3195 turns).

qeuew the Gusty (Tengu Air Elementalist)            Turns: 3195, Time: 00:03:38

Health: -1/32      AC:  5    Str:  8    XL:     6   Next: 21%
Magic:  8/12       EV: 13    Int: 18    God:
Gold:   144        SH:  0    Dex: 16    Spells: 6/12 levels left

rFire   + + .      SeeInvis .    f - +8 dagger "Raqekhli" {vorpal, rF++ rC- Int+2 Stlth+}
rCold   x . .      Faith    .    (no shield)
rNeg    . . .      Spirit   .    b - +0 ring mail
rPois   .          Reflect  .    (helmet restricted)
rElec   .          Harm     .    (no cloak)
rCorr   .          Rampage  .    (no gloves)
Will    .....                    (boots unavailable)
Stlth   +++.......               (no amulet)
HPRegen 0.25/turn                (no ring)
MPRegen 0.13/turn                (no ring)

@: flying quickly and evasively, invisible, quick
A: beak, talons 3, nimble flight
a: no special abilities


You were on level 3 of the Dungeon.
You visited 1 branch of the dungeon, and saw 3 of its levels.

You collected 144 gold pieces.

Inventory:

Hand Weapons
 f - the +8 dagger "Raqekhli" (weapon) {vorpal, rF++ rC- Int+2 Stlth+}
   (You found it on level 2 of the Dungeon)

   It inflicts extra damage upon your enemies.
   Int:       It affects your intelligence (+2).
   rF:        It greatly protects you from fire.
   rC:        It makes you vulnerable to cold.
   Stlth:     It makes you more stealthy.
Armour
 b - a +0 ring mail (worn)
Scrolls
 c - a scroll of fog {unknown}
 e - a scroll of fear
 g - a scroll of brand weapon {unknown}
Potions
 a - 3 potions of haste
 d - a potion of curing {unknown}


   Skills:
 + Level 1.7 Short Blades
 - Level 1.1 Armour
 + Level 3.2 Dodging
 + Level 2.8 Stealth
 * Level 3.6 Spellcasting
 + Level 3.2 Conjurations
 + Level 5.0 Air Magic


You had 6 spell levels left.
You knew the following spells:

 Your Spells              Type           Power      Damage    Failure   Level
a - Shock                 Conj/Air       72%        1d7       9%          1
b - Static Discharge      Conj/Air       36%        2-4/arc   13%         2
c - Swiftness             Air            21%        N/A       17%         3

Your spell library contained the following spells:

 Spells                   Type           Power      Damage    Failure   Level
 Poisonous Vapours        Pois/Air       24%        N/A       26%         2
 Cigotuvi's Dreadful Rot  Necr/Pois/Air  18%        N/A       34%         2
 Mephitic Cloud           Conj/Pois/Air  13%        N/A       41%         3
 Airstrike                Air            10%        2d(2-18)  50%         4
 Ensorcelled Hibernation  Hex/Ice        6%         N/A       56%         2
 Spider Form              Tmut/Pois      3%         N/A       80%         3
 Iskenderun's Battlesphe  Conj           14%        2d7       98%         5
 Anguish                  Hex/Necr       1%         N/A       99%         4
 Manifold Assault         Tloc           3%         N/A       99%         4
 Fireball                 Conj/Fire      4%         3d4       100%        5
 Conjure Ball Lightning   Conj/Air       9%         3x3d6     100%        6
 Dispersal                Tloc           1%         N/A       100%        6
 Orb of Destruction       Conj           7%         9d6       100%        7
 Disjunction              Tloc           1%         N/A       100%        8


Dungeon Overview and Level Annotations

Branches:
Dungeon (3/15)

Altars:

Annotations:
D:3 Grinder, Ijyb


Innate Abilities, Weirdness & Mutations

You have a beak for a mouth.
You have claws for feet.
Your magical nature lets you fly swiftly and evasively.


Message History

You flicker for a moment.
You start to feel a little slower.
You flicker back into view.
Grinder is nearby!
You feel sluggish.
Ijyb the Twisted Goblin comes into view.
She is wielding a +1 dagger of draining and carrying a wand of mindburst (8).
You start to feel a little faster.
Grinder says, "I used to sell toenails on the black market."
Grinder gestures at you. You resist with significant effort.
Grinder blinks!
You hit Grinder.
Grinder is lightly wounded.
You no longer feel sluggish.
Grinder hits you.
* * * LOW HITPOINT WARNING * * *
You writhe in agony.
* * * LOW HITPOINT WARNING * * *
You fade into invisibility!
Grinder misses you. Ijyb screams, "I cut your head off!"
Casting: Swiftness (quite dangerous; 17% risk of failure)
Confirm with . or Enter, or press ? or * to list all spells.
Grinder is struck by an arc of lightning.
Grinder is moderately wounded.
You are struck by an arc of lightning.
* * * LOW HITPOINT WARNING * * *
The lightning grounds out.
Grinder hits you but does no damage.
Casting: Static Discharge (safe; 13% risk of failure)
Confirm with . or Enter, or press ? or * to list all spells.
Grinder is struck by an arc of lightning.
Grinder is moderately wounded.
Ijyb is struck by an arc of lightning.
Ijyb is lightly wounded.
Grinder is struck by an arc of lightning.
Grinder is heavily wounded.
Ijyb is struck by an arc of lightning.
Ijyb is moderately wounded.
The lightning grounds out.
Grinder hits you!
You die...

≈#≈≈############.##........P..##.
§≈.≈#..........#.#.........5...5.
§.§≈##...#.###.#.#.####.#.#######
#####+.......#.#.#. #.#.# #
..#.##...#.#.#.#.#. #.#.# #
#.#.##...#.#.#.#.#. #.#.# #
#.#.##...#.#.#)#.#. #.#.# #
#.#........#.#.#.#. #.#.# #
....#........#)#@# #.#.# #
..#.#.########.#5# ..#.#.# #.#g#
..#.#.# #.#.. ..#.#.# #.###
..#.#.# #.# ..#.#.# #.# ....#.#
#.# .####.# #.#


You could see Grinder (unable to see you) and Ijyb (unable to see you).

Vanquished Creatures
  Sigmund (D:2)
  3 gnolls (D:3)
  2 adders
  A worm (D:3)
  A dart slug (D:2)
  An orc (D:3)
  An endoplasm (D:1)
  3 giant cockroaches
  4 goblins
  3 hobgoblins
  8 jackals
  7 kobolds
  A quokka (D:2)
  7 ball pythons
  3 bats
  4 rats
50 creatures vanquished.

Notes
Turn   | Place    | Note
-------+----------+-------------------------------------------
     0 | D:1      | qeuew the Tengu Air Elementalist began the quest for the
                  | Orb.
     0 | D:1      | Reached XP level 1. HP: 10/10 MP: 4/4
     8 | D:1      | Noticed an electric eel
   263 | D:1      | Reached XP level 2. HP: 15/15 MP: 3/6
   726 | D:1      | Reached skill level 1 in Armour
   792 | D:1      | Reached XP level 3. HP: 19/19 MP: 3/7
  1060 | D:2      | Learned a level 2 spell: Static Discharge
  1068 | D:2      | Learned a level 3 spell: Swiftness
  1344 | D:2      | Identified the +8 dagger "Raqekhli" {vorpal, rF++ rC- Int+2
                  | Stlth+}
  1463 | D:2      | Noticed Sigmund
  1475 | D:2      | Killed Sigmund
  1476 | D:2      | Reached skill level 1 in Short Blades
  1476 | D:2      | Reached XP level 4. HP: 3/24 MP: 1/10
  1476 | D:2      | Gained mutation: Your magical nature lets you fly swiftly
                  | and evasively. [Tengu growth]
  1476 | D:2      | Reached XP level 5. HP: 4/28 MP: 1/11
  2408 | D:3      | Reached XP level 6. HP: 32/32 MP: 6/12
  2769 | D:3      | Reached skill level 5 in Air Magic
  3138 | D:3      | Noticed Grinder
  3147 | D:3      | Paralysed by Grinder for 3 turns
  3186 | D:3      | Noticed Ijyb
  3195 | D:3      | Slain by Grinder

Illustrated notes

Levels and vault maps discovered:
D:1:      arrival_aquarium_a, layout_basic
D:2:      layout_basic, minmay_3d_cube, uniq_sigmund
D:3:      layout_basic, minivault_27, dreamdust_mushroom_princess,
          minmay_misc_feat_doors, corexii_shack, kennysheep_generic_room_13,
          uniq_ijyb, uniq_grinder

Skill      XL: |  1  2  3  4  5  6 |
---------------+-------------------+-----
Armour         | 1 |  1.1
Conjurations   | 2 3 |  3.2
Short Blades   | 1 |  1.7
Dodging        | 3 |  3.2
Spellcasting   | 3 |  3.6
Air Magic      | 5 |  5.0
Stealth        | |  2.8

Action                   |  1- 3 |  4- 6 || total
-------------------------+-------+-------++-------
Melee: Dagger            |     4 |     5 ||     9
       Kick              |     1 |     2 ||     3
       Peck              |       |     1 ||     1
 Cast: Shock             |    67 |    65 ||   132
       Static Discharge  |       |     2 ||     2
       Swiftness         |       |     1 ||     1
  Use: Potion            |     5 |     2 ||     7
       Scroll            |     3 |     6 ||     9
Armor: Robe              |     2 |       ||     2
       Ring mail         |     1 |     2 ||     3
Dodge: Dodged            |    10 |     8 ||    18

Table legend: (Time is in decaauts)
 A = Elapsed time spent in this place.
 B = Non-inter-level travel time spent in this place.
 C = Inter-level travel time spent in this place.
 D = Time resting spent in this place.
 E = Time spent auto-exploring this place.
 F = Levels seen in this place.
 G = Mean time per level.
                   A        B        C        D        E       F      G
               +--------+--------+--------+--------+--------+-----+--------+
         Total |   3092 |   3052 |     40 |      0 |   2715 |   3 | 1030.7 |
       Dungeon |   3092 |   3052 |     40 |      0 |   2715 |   3 | 1030.7 |
               +--------+--------+--------+--------+--------+-----+--------+

Top non-repeatable levels by time:
     D:2: 1283 daAuts
     D:1: 1018 daAuts
     D:3: 791 daAuts
